| TOP OF THE 1ST |
|
Tri-City ValleyCats batting - Pitching for Mahoning Valley Scrappers : RHP Paul Lewis
|
|
Pitching: RHP Paul Lewis
|
|
|
Batting: RHB Ben Hoffman
|
0-0: Ball 1-0: Ball 2-0: Called Strike 2-1: Swinging Strike 2-2: Strikes out swinging
|
|
Batting: RHB Bruce Bermudez
|
0-0: Called Strike 0-1: Foul Ball, location: 2F 0-2: Ball 1-2: SINGLE (Line Drive, 8RS, EV 103.8 MPH)
|
|
Batting: RHB Justin Olmstead
|
0-0: Ball Bruce Bermudez is caught stealing 2nd base 2-4 1-0: Called Strike 1-1: Fly out, F9 (Flyball, 9, EV 82.5 MPH)
|
| Top of the 1st over - 0 runs, 1 hit, 0 errors, 0 left on base; Tri-City 0 - Mahoning Valley 0 |
| BOTTOM OF THE 1ST |
|
Mahoning Valley Scrappers batting - Pitching for Tri-City ValleyCats : RHP San-pao Kao
|
|
Pitching: RHP San-pao Kao
|
|
|
Batting: LHB John Harring
|
0-0: Ball 1-0: Fly out, F8 (Flyball, 8LD, EV 95.0 MPH)
|
|
Batting: RHB Juan Padilla
|
0-0: Foul Ball, location: 2F 0-1: Ball 1-1: Ball 2-1: SINGLE (Groundball, 56S, EV 95.6 MPH)
|
|
Batting: RHB Ryan Gautney
|
0-0: Ground out 6-3 (Groundball, 6, EV 87.5 MPH) Juan Padilla to second
|
|
Batting: SHB Joe Zeiset
|
0-0: Ball Wild Pitch! Juan Padilla to third 1-0: Foul Ball, location: 2F 1-1: Ball 2-1: Swinging Strike 2-2: 2-RUN HOME RUN (Flyball, 8LXD, EV 115.6 MPH), Distance : 459 ft
|
|
Batting: LHB Devon Grant
|
0-0: Ground out 1-3 (Groundball, 13, EV 69.4 MPH)
|
| Bottom of the 1st over - 2 runs, 2 hits, 0 errors, 0 left on base; Tri-City 0 - Mahoning Valley 2 |
| TOP OF THE 2ND |
|
Tri-City ValleyCats batting - Pitching for Mahoning Valley Scrappers : RHP Paul Lewis
|
|
Batting: RHB Raul Sanchez
|
0-0: Ball 1-0: Ball 2-0: SINGLE (Groundball, 56D, EV 100.0 MPH)
|
|
Batting: RHB Ryan Salas
|
0-0: Ball 1-0: Grounds into double play, 1-6-3 (Groundball, 13S, EV 71.9 MPH)
|
|
Batting: RHB Ramon Castellon
|
0-0: Swinging Strike 0-1: Ball 1-1: Ball 2-1: Swinging Strike 2-2: Strikes out swinging
|
| Top of the 2nd over - 0 runs, 1 hit, 0 errors, 0 left on base; Tri-City 0 - Mahoning Valley 2 |
| BOTTOM OF THE 2ND |
|
Mahoning Valley Scrappers batting - Pitching for Tri-City ValleyCats : RHP San-pao Kao
|
|
Batting: RHB Andy Lewis
|
0-0: Ball 1-0: Ball 2-0: Ball 3-0: Base on Balls
|
|
Batting: RHB Blake Kelly
|
0-0: Called Strike Andy Lewis steals 2nd base 0-1: Ball Balk! Andy Lewis to third 1-1: Foul Ball, location: 2F Balk! Andy Lewis scores 1-2: Ball 2-2: Foul Ball, location: 2F 2-2: Foul Ball, location: 2F 2-2: Ball 3-2: Base on Balls
|
|
Batting: RHB Gashie Chimsima
|
0-0: Called Strike 0-1: TRIPLE (Line Drive, 9LD, EV 105.6 MPH) Blake Kelly scores
|
|
Batting: RHB Jeremy Givens
|
0-0: Ball Balk! Gashie Chimsima scores 1-0: Swinging Strike 1-1: Called Strike 1-2: Ball 2-2: Fly out, F9 (Flyball, 89XD, EV 97.5 MPH)
|
|
Batting: LHB John Harring
|
0-0: Called Strike 0-1: Foul Ball, location: 2F 0-2: Ground out 5-3 (Groundball, 5, EV 80.0 MPH)
|
|
Batting: RHB Juan Padilla
|
0-0: Foul Ball, location: 2F 0-1: Ball 1-1: Ground out 6-3 (Groundball, 6, EV 95.0 MPH)
|
| Bottom of the 2nd over - 3 runs, 1 hit, 0 errors, 0 left on base; Tri-City 0 - Mahoning Valley 5 |
| TOP OF THE 3RD |
|
Tri-City ValleyCats batting - Pitching for Mahoning Valley Scrappers : RHP Paul Lewis
|
|
Batting: LHB Josh Birkner
|
0-0: Called Strike 0-1: Foul Ball, location: 2F 0-2: Ball 1-2: Foul Ball, location: 2F 1-2: Ball 2-2: Ball 3-2: Strikes out looking
|
|
Batting: RHB Jorge Gutierrez
|
0-0: Called Strike 0-1: Foul Ball, location: 2F 0-2: Ball 1-2: Ball 2-2: Fly out, F9 (Line Drive, 9LM, EV 92.5 MPH)
|
|
Batting: RHB Evan Fry
|
0-0: Ball 1-0: Ball 2-0: Called Strike 2-1: Foul Ball, location: 2F 2-2: Ball 3-2: Strikes out swinging
|
| Top of the 3rd over - 0 runs, 0 hits, 0 errors, 0 left on base; Tri-City 0 - Mahoning Valley 5 |
| BOTTOM OF THE 3RD |
|
Mahoning Valley Scrappers batting - Pitching for Tri-City ValleyCats : RHP San-pao Kao
|
|
Batting: RHB Ryan Gautney
|
0-0: Ball 1-0: Ball 2-0: Foul Ball, location: 2F 2-1: SINGLE (Line Drive, 8LS, EV 97.5 MPH)
|
|
Batting: SHB Joe Zeiset
|
0-0: Swinging Strike 0-1: DOUBLE (Line Drive, 7LM, EV 109.4 MPH) Ryan Gautney to third Runner from 3rd tries for Home, SAFE, throw by LF to trailing runner, OUT at third! 7-3-5
|
|
Batting: LHB Devon Grant
|
0-0: Ground out 5-3 (Groundball, 56S, EV 73.1 MPH)
|
|
Batting: RHB Andy Lewis
|
0-0: Ball 1-0: Ball 2-0: Ground out 4-3 (Groundball, 4, EV 103.1 MPH)
|
| Bottom of the 3rd over - 1 run, 2 hits, 0 errors, 0 left on base; Tri-City 0 - Mahoning Valley 6 |
| TOP OF THE 4TH |
|
Tri-City ValleyCats batting - Pitching for Mahoning Valley Scrappers : RHP Paul Lewis
|
|
Batting: RHB Ben Hoffman
|
0-0: Foul Ball, location: 2F 0-1: Ball 1-1: Ball 2-1: Ball 3-1: Called Strike 3-2: Foul Ball, location: 2F 3-2: Base on Balls
|
|
Batting: RHB Bruce Bermudez
|
0-0: Ball Ben Hoffman steals 2nd base (no throw) 1-0: Ball 2-0: Called Strike 2-1: Called Strike 2-2: Ground out U3 (Groundball, 3, EV 76.9 MPH) Ben Hoffman to third
|
|
Batting: RHB Justin Olmstead
|
0-0: Foul Ball, location: 2F 0-1: Foul Ball, location: 2F 0-2: Strikes out swinging
|
|
Batting: RHB Raul Sanchez
|
0-0: Swinging Strike 0-1: Ball 1-1: Ground out 5-3 (Groundball, 56, EV 106.2 MPH)
|
| Top of the 4th over - 0 runs, 0 hits, 0 errors, 1 left on base; Tri-City 0 - Mahoning Valley 6 |
| BOTTOM OF THE 4TH |
|
Mahoning Valley Scrappers batting - Pitching for Tri-City ValleyCats : RHP San-pao Kao
|
|
Batting: RHB Blake Kelly
|
0-0: Called Strike 0-1: Ball 1-1: Ground out U3 (Groundball, 3, EV 89.4 MPH)
|
|
Batting: RHB Gashie Chimsima
|
0-0: Ball 1-0: Called Strike 1-1: Ball 2-1: Ball 3-1: Base on Balls
|
|
Batting: RHB Jeremy Givens
|
0-0: DOUBLE (Line Drive, 9LM, EV 106.2 MPH) Gashie Chimsima to third
|
|
Batting: LHB John Harring
|
0-0: Ball Wild Pitch! Gashie Chimsima scores Jeremy Givens to third 1-0: SINGLE (Groundball, 4M, EV 104.4 MPH) (infield hit) Jeremy Givens scores
|
|
Pitching: RHP Juan Mendoza
|
|
|
Batting: RHB Juan Padilla
|
0-0: Ball 1-0: Ball John Harring steals 2nd base 2-0: Called Strike 2-1: Ground out 4-3 (Groundball, 4MD, EV 92.5 MPH) John Harring to third
|
|
Batting: RHB Ryan Gautney
|
0-0: Ball 1-0: Called Strike 1-1: Ground out 4-3 (Groundball, 34, EV 111.9 MPH)
|
| Bottom of the 4th over - 2 runs, 2 hits, 0 errors, 1 left on base; Tri-City 0 - Mahoning Valley 8 |
| TOP OF THE 5TH |
|
Tri-City ValleyCats batting - Pitching for Mahoning Valley Scrappers : RHP Paul Lewis
|
|
Batting: RHB Ryan Salas
|
0-0: Called Strike 0-1: Swinging Strike 0-2: Strikes out swinging
|
|
Batting: RHB Ramon Castellon
|
0-0: Called Strike 0-1: Called Strike 0-2: Ball 1-2: Foul Ball, location: 2F 1-2: Strikes out swinging
|
|
Batting: LHB Josh Birkner
|
0-0: Ball 1-0: Ball 2-0: Called Strike 2-1: Called Strike 2-2: Foul Ball, location: 2F 2-2: Fly out, F8 (Line Drive, 8RD, EV 85.6 MPH)
|
| Top of the 5th over - 0 runs, 0 hits, 0 errors, 0 left on base; Tri-City 0 - Mahoning Valley 8 |
| BOTTOM OF THE 5TH |
|
Mahoning Valley Scrappers batting - Pitching for Tri-City ValleyCats : RHP Juan Mendoza
|
|
Batting: SHB Joe Zeiset
|
0-0: Called Strike 0-1: Ground out 6-3 (Groundball, 6, EV 87.5 MPH)
|
|
Batting: LHB Devon Grant
|
0-0: Ball 1-0: Ball 2-0: Ball 3-0: Base on Balls
|
|
Batting: RHB Andy Lewis
|
0-0: Swinging Strike 0-1: TRIPLE (Line Drive, 9LD, EV 110.6 MPH) Devon Grant scores
|
|
Batting: RHB Blake Kelly
|
0-0: Ball Balk! Andy Lewis scores 1-0: Ball 2-0: Foul Ball, location: 2F 2-1: Ball 3-1: Reached on error, E4 (Groundball, 4, EV 101.9 MPH)
|
|
Batting: RHB Gashie Chimsima
|
0-0: Called Strike 0-1: Foul Ball, location: 2F Balk! Blake Kelly to second 0-2: SINGLE (Groundball, 6MD, EV 105.0 MPH) Blake Kelly to third Runner from 3rd tries for Home, SAFE, throw by CF to home
|
|
Batting: RHB Jeremy Givens
|
Balk! Gashie Chimsima to second 0-0: Swinging Strike 0-1: Reached on error, E4 (Groundball, 4S, EV 91.2 MPH) Gashie Chimsima to third
|
|
Batting: LHB John Harring
|
0-0: Foul Ball, location: 2F 0-1: Ball 1-1: Fly out, F8 (Flyball, 89D, EV 98.8 MPH) Runner from 3rd tags up, SCORES, no throw by CF
|
|
Batting: RHB Juan Padilla
|
Balk! Jeremy Givens to second 0-0: Ball 1-0: Ball 2-0: Ball 3-0: Called Strike 3-1: Base on Balls
|
|
Batting: RHB Ryan Gautney
|
0-0: Ball 1-0: Fly out, F7 (Flyball, 7S, EV 93.8 MPH)
|
| Bottom of the 5th over - 4 runs, 2 hits, 2 errors, 2 left on base; Tri-City 0 - Mahoning Valley 12 |
| TOP OF THE 6TH |
|
Tri-City ValleyCats batting - Pitching for Mahoning Valley Scrappers : RHP Paul Lewis
|
|
Batting: RHB Jorge Gutierrez
|
0-0: Called Strike 0-1: Ball 1-1: Ball 2-1: Foul Ball, location: 2F 2-2: Foul Ball, location: 2F 2-2: Foul Ball, location: 2F 2-2: Strikes out looking
|
|
Batting: RHB Evan Fry
|
0-0: Called Strike 0-1: Ball 1-1: Foul Ball, location: 2F 1-2: Strikes out looking
|
|
Batting: RHB Ben Hoffman
|
0-0: Ball 1-0: Foul Ball, location: 2F 1-1: Hit by Pitch
|
|
Batting: RHB Bruce Bermudez
|
0-0: Ball Ben Hoffman steals 2nd, throwing error, E2 Ben Hoffman to third 1-0: Called Strike 1-1: Ball 2-1: DOUBLE (Line Drive, 78D, EV 111.9 MPH) Ben Hoffman scores
|
|
Batting: RHB Justin Olmstead
|
0-0: SINGLE (Flyball, 3D, EV 86.9 MPH) Bruce Bermudez to third Runner from 3rd tries for Home, throw by RF and OUT! 9-2
|
| Top of the 6th over - 1 run, 2 hits, 1 error, 1 left on base; Tri-City 1 - Mahoning Valley 12 |
| BOTTOM OF THE 6TH |
|
Mahoning Valley Scrappers batting - Pitching for Tri-City ValleyCats : RHP Juan Mendoza
|
|
Batting: SHB Joe Zeiset
|
0-0: Ball 1-0: SINGLE (Groundball, 34D, EV 105.6 MPH) (infield hit)
|
|
Batting: LHB Devon Grant
|
0-0: Ball 1-0: Called Strike 1-1: Ball 2-1: Fly out, F8 (Flyball, 8RD, EV 72.5 MPH)
|
|
Pitching: RHP Ruben Pujols
|
|
|
Batting: RHB Andy Lewis
|
Balk! Joe Zeiset to second 0-0: Ball 1-0: Ground out 6-3 (Groundball, 6, EV 100.0 MPH)
|
|
Batting: RHB Blake Kelly
|
0-0: Called Strike 0-1: Ball 1-1: Called Strike Balk! Joe Zeiset to third 1-2: Foul Ball, location: 2F 1-2: Ball 2-2: Ground out U3 (Groundball, 34, EV 84.4 MPH)
|
| Bottom of the 6th over - 0 runs, 1 hit, 0 errors, 1 left on base; Tri-City 1 - Mahoning Valley 12 |
| TOP OF THE 7TH |
|
Tri-City ValleyCats batting - Pitching for Mahoning Valley Scrappers : RHP Paul Lewis
|
|
Batting: RHB Raul Sanchez
|
0-0: Ball 1-0: Called Strike 1-1: Reached on error, E4 (Groundball, 4, EV 78.1 MPH)
|
|
Batting: RHB Ryan Salas
|
0-0: SINGLE (Groundball, 6MD, EV 106.2 MPH) Raul Sanchez to second
|
|
Batting: RHB Ramon Castellon
|
0-0: Ball 1-0: Ball 2-0: Swinging Strike 2-1: Called Strike 2-2: SINGLE (Groundball, 6MD, EV 98.8 MPH) Raul Sanchez to third Ryan Salas to second
|
|
Batting: LHB Josh Birkner
|
0-0: Called Strike 0-1: Ball 1-1: Fielders Choice at 2nd, 3-6 (Groundball, 34, EV 88.1 MPH) Raul Sanchez scores Ryan Salas to third
|
|
Pitching: RHP Victor Amador
|
|
|
Batting: RHB Jorge Gutierrez
|
0-0: Ball 1-0: SINGLE (Line Drive, 78S, EV 94.4 MPH) Ryan Salas scores Josh Birkner to second
|
|
Batting: RHB Evan Fry
|
0-0: Foul Ball, location: 2F 0-1: Ball 1-1: SINGLE (Groundball, 34S, EV 75.6 MPH) (infield hit) Josh Birkner to third Jorge Gutierrez to second
|
|
Batting: RHB Ben Hoffman
|
0-0: Foul Ball, location: 2F 0-1: Ball 1-1: Ball 2-1: Swinging Strike 2-2: Strikes out swinging
|
|
Batting: RHB Bruce Bermudez
|
0-0: Ball 1-0: SINGLE (Line Drive, 6M, EV 105.0 MPH) Josh Birkner scores Jorge Gutierrez to third Evan Fry to second Runner from 3rd tries for Home, SAFE, throw by CF to home
|
|
Batting: RHB Justin Olmstead
|
0-0: SINGLE (Groundball, P, EV 88.1 MPH) (infield hit) Evan Fry to third Bruce Bermudez to second
|
|
Batting: RHB Raul Sanchez
|
0-0: Ball 1-0: Ball 2-0: Called Strike 2-1: Foul Ball, location: 2F 2-2: Foul Ball, location: 2F 2-2: DOUBLE (Line Drive, 5D, EV 93.8 MPH) Evan Fry scores Bruce Bermudez scores Justin Olmstead to third Runner from 3rd tries for Home, SAFE, throw by LF to trailing runner, OUT at third! 7-3-5
|
| Top of the 7th over - 7 runs, 7 hits, 1 error, 0 left on base; Tri-City 8 - Mahoning Valley 12 |
| BOTTOM OF THE 7TH |
|
Mahoning Valley Scrappers batting - Pitching for Tri-City ValleyCats : RHP Ruben Pujols
|
|
Now at C: Mike Koch
|
|
|
Batting: RHB Gashie Chimsima
|
0-0: Fly out, F9 (Flyball, 89D, EV 95.6 MPH)
|
|
Batting: RHB Jeremy Givens
|
0-0: Ball 1-0: Ball 2-0: Ball 3-0: Foul Ball, location: 2F 3-1: Reached on error, E5 (Groundball, 56S, EV 91.2 MPH)
|
|
Batting: LHB John Harring
|
0-0: Fly out, F7 (Flyball, 7, EV 91.2 MPH)
|
|
Batting: RHB Juan Padilla
|
0-0: Ground out 6-3 (Groundball, 6, EV 81.2 MPH)
|
| Bottom of the 7th over - 0 runs, 0 hits, 1 error, 1 left on base; Tri-City 8 - Mahoning Valley 12 |
| TOP OF THE 8TH |
|
Tri-City ValleyCats batting - Pitching for Mahoning Valley Scrappers : RHP Victor Amador
|
|
Pitching: RHP Josh Hughes
|
|
|
Batting: RHB Ryan Salas
|
0-0: Foul Ball, location: 2F 0-1: Swinging Strike 0-2: Strikes out swinging
|
|
Batting: RHB Ramon Castellon
|
0-0: Ball 1-0: Swinging Strike 1-1: Ball 2-1: DOUBLE (Flyball, 8RXD, EV 104.4 MPH)
|
|
Batting: LHB Josh Birkner
|
0-0: Ball 1-0: Ball 2-0: Ground out 4-3 (Groundball, 34D, EV 105.6 MPH) Ramon Castellon to third
|
|
Batting: RHB Jorge Gutierrez
|
0-0: Called Strike 0-1: Ball 1-1: Foul Ball, location: 2F 1-2: Ball 2-2: Ball 3-2: Strikes out swinging
|
| Top of the 8th over - 0 runs, 1 hit, 0 errors, 1 left on base; Tri-City 8 - Mahoning Valley 12 |
| BOTTOM OF THE 8TH |
|
Mahoning Valley Scrappers batting - Pitching for Tri-City ValleyCats : RHP Ruben Pujols
|
|
Batting: RHB Ryan Gautney
|
0-0: Called Strike 0-1: Fly out, F3 (Line Drive, 3, EV 76.2 MPH)
|
|
Batting: SHB Joe Zeiset
|
0-0: SINGLE (Groundball, 6S, EV 63.8 MPH) (infield hit)
|
|
Batting: LHB Devon Grant
|
0-0: Ball Joe Zeiset steals 2nd base 1-0: SINGLE (Line Drive, 5D, EV 97.5 MPH) Joe Zeiset to third
|
|
Batting: RHB Andy Lewis
|
0-0: Called Strike Devon Grant steals 2nd base 0-1: SINGLE (Groundball, 6MD, EV 96.2 MPH) Joe Zeiset scores Devon Grant to third Runner from 3rd tries for Home, SAFE, throw by CF to home
|
|
Batting: RHB Blake Kelly
|
0-0: Ball Andy Lewis steals 2nd base 1-0: Called Strike 1-1: Ball 2-1: Ball 3-1: Base on Balls
|
|
Batting: RHB Gashie Chimsima
|
0-0: Called Strike 0-1: Swinging Strike 0-2: Ball Wild Pitch! Andy Lewis to third Blake Kelly to second 1-2: Fly out, F9 (Flyball, 9S, EV 77.5 MPH)
|
|
Batting: RHB Jeremy Givens
|
0-0: Foul Ball, location: 2F 0-1: Ball Wild Pitch! Andy Lewis scores Blake Kelly to third 1-1: Ball Wild Pitch! Blake Kelly scores 2-1: Fly out, F8 (Flyball, 8LM, EV 93.1 MPH)
|
| Bottom of the 8th over - 4 runs, 3 hits, 0 errors, 0 left on base; Tri-City 8 - Mahoning Valley 16 |
| TOP OF THE 9TH |
|
Tri-City ValleyCats batting - Pitching for Mahoning Valley Scrappers : RHP Josh Hughes
|
|
Batting: RHB Evan Fry
|
0-0: Swinging Strike 0-1: Foul Ball, location: 2F 0-2: Ball 1-2: Foul Ball, location: 2F 1-2: Strikes out swinging
|
|
Batting: RHB Ben Hoffman
|
0-0: Called Strike 0-1: Ball 1-1: Ball 2-1: Ball 3-1: Base on Balls
|
|
Batting: RHB Bruce Bermudez
|
0-0: Called Strike 0-1: Called Strike 0-2: Strikes out swinging
|
|
Batting: RHB Justin Olmstead
|
0-0: Called Strike 0-1: Ball 1-1: Foul Ball, location: 2F 1-2: Strikes out swinging
|
| Top of the 9th over - 0 runs, 0 hits, 0 errors, 1 left on base; Tri-City 8 - Mahoning Valley 16 |
|